 Seeded DCSS version 0.29.0-11-gd7f09526c8 (webtiles) character file.

Game seed: 3121381558354691732 (custom seed)

3590 purpskrrrp the Skirmisher (level 10, -1/68 HPs)
             Began as a Barachi Hunter on Sept 7, 2022.
             Was a Follower of Ashenzari.
             Slain by Grum
             ... wielding a -2 glaive
              (20 damage)
             ... on level 8 of the Dungeon.
             The game lasted 00:12:39 (5150 turns).

purpskrrrp the Skirmisher (Barachi Hunter)          Turns: 5150, Time: 00:12:40

Health: -1/68      AC:  7    Str: 20    XL:     10   Next: 10%
Magic:  10/10      EV: 10    Int: 11    God:    Ashenzari [*.....]
Gold:   521        SH: 11    Dex: 19    Spells: 9/9 levels left

rFire   . . .      SeeInvis +   g - +7 hand crossbow of Ouranomancy {vorpal, rPois rC- Str+2, Elem, Range} (curse)
rCold   x . .      Faith    .   T - +1 kite shield
rNeg    . . .      Spirit   .   S - +0 acid dragon scales
rPois   +          Reflect  .   n - +0 helmet
rElec   .          Harm     .   (no cloak)
rCorr   +          Rampage  .   (no gloves)
Will    .....                   (no boots)
Stlth   ++........              i - amulet "Omniscient Urgency" {rPois Regen+ rCorr, Evo, Range} (curse)
HPRegen 1.01/turn               f - +6 ring of strength
MPRegen 0.12/turn               o - ring of see invisible

@: slow
A: amphibious, slowness 1, strong legs 1, +LOS
a: Hop, Renounce Religion, Shatter the Chains


You were on level 8 of the Dungeon.
You worshipped Ashenzari.
Ashenzari was aware of your devotion.
You visited 2 branches of the dungeon, and saw 9 of its levels.

You collected 521 gold pieces.

Inventory:

Hand Weapons
 a - a +0 shortbow
 g - the cursed +7 hand crossbow of Ouranomancy (weapon) {vorpal, rPois rC- Str+2, Elem, Range}
   (You acquired it on level 1 of the Dungeon)

   Any ammunition fired from it inflicts extra damage upon your enemies.
   Str:       It affects your strength (+2).
   rC:        It makes you vulnerable to cold.
   rPois:     It protects you from poison.
   It has a curse which improves the following skills: Elements: Fire Magic, Ice
   Magic, Air Magic and Earth Magic.
   Ranged Combat: Ranged Weapons and Throwing.
 j - the +7 arbalest "Fokhlas" {vorpal, Contam rF+ rN++ SInv}
   (You acquired it on level 1 of the Dungeon)

   Any ammunition fired from it inflicts extra damage upon your enemies.
   rF:        It protects you from fire.
   rN:        It greatly protects you from negative energy.
   SInv:      It lets you see invisible.
   Contam:    It causes magical contamination when unequipped.
Missiles
 e - 5 throwing nets
Armour
 c - a +0 leather armour
 n - a +0 helmet (worn)
 S - +0 acid dragon scales (worn)
 T - a +1 kite shield (worn)
Jewellery
 f - a +6 ring of strength (left hand)
 i - the cursed amulet "Omniscient Urgency" (around neck) {rPois Regen+ rCorr, Evo, Range}
   (You acquired it on level 1 of the Dungeon)

   [amulet of regeneration]

   rPois:     It protects you from poison.
   Regen:     It increases your rate of health regeneration.
   rCorr:     It protects you from acid and corrosion.
   It has a curse which improves the following skills: Evocations: Evocations.
   Ranged Combat: Ranged Weapons and Throwing.
 o - a ring of see invisible (right hand)
 t - a ring of positive energy
 u - an amulet of reflection
 M - a ring of ice
 N - an amulet of the acrobat
 Q - a ring of magical power
 U - a ring of protection from cold
 V - an amulet of regeneration
Wands
 H - a wand of flame (8)
 O - a wand of light (13)
Scrolls
 b - 2 scrolls of immolation
 d - 11 scrolls of identify
 h - 6 scrolls of amnesia
 l - 2 scrolls of enchant weapon
 m - 2 scrolls of magic mapping
 q - a scroll of poison
 r - 5 scrolls of teleportation
 s - 2 scrolls of fear
 w - a scroll of vulnerability
 y - 4 scrolls of noise
 E - 2 scrolls of butterflies
 G - a scroll of brand weapon
 P - a scroll of torment
Potions
 k - 2 potions of magic
 p - a potion of invisibility
 v - 2 potions of heal wounds
 x - 2 potions of brilliance
 z - a potion of flight
 A - 2 potions of curing
 B - a potion of ambrosia
 C - a potion of cancellation
 D - a potion of attraction
 F - 2 potions of berserk rage
 I - 2 potions of haste
 J - 2 potions of degeneration
 L - a potion of lignification
 R - a potion of might


   Skills:
 - Level 2.4 Fighting
 + Level 14.1(15.3) Ranged Weapons
 - Level 2.1 Dodging
 - Level 0.8 Stealth
 + Level 3.3 Shields


You had 9 spell levels left.
You didn't know any spells.
Your spell library contained the following spells:

 Spells                   Type           Power      Damage    Failure   Level
 Sting                    Tmut/Pois      0%         1d3       82%         1
 Ensorcelled Hibernation  Hex/Ice        0%         N/A       91%         2
 Passwall                 Tmut/Erth      0%         N/A       91%         2
 Poisonous Vapours        Pois/Air       0%         N/A       91%         2
 Sublimation of Blood     Necr           0%         N/A       91%         2
 Conjure Flame            Conj/Fire      0%         6-21      99%         3
 Gell's Gravitas          Tloc           0%         N/A       99%         3
 Ignite Poison            Fire/Tmut/Pois 0%         N/A       99%         3
 Portal Projectile        Hex/Tloc       0%         N/A       99%         3
 Swiftness                Air            0%         N/A       99%         3
 Teleport Other           Tloc           0%         N/A       99%         3
 Tukima's Dance           Hex            0%         N/A       99%         3
 Animate Dead             Necr           0%         N/A       100%        4
 Olgreb's Toxic Radiance  Pois           0%         N/A       100%        4
 Petrify                  Tmut/Erth      0%         N/A       100%        4
 Sticky Flame             Conj/Fire      0%         2d3       100%        4
 Blade Hands              Tmut           0%         N/A       100%        5
 Borgnjor's Vile Clutch   Necr/Erth      0%         N/A       100%        5
 Irradiate                Conj/Tmut      0%         3d11      100%        5
 Death Channel            Necr           0%         N/A       100%        6
 Dispersal                Tloc           0%         N/A       100%        6


Dungeon Overview and Level Annotations

Branches:
Dungeon (8/15)             Temple (1/1) D:6
   Lair: D:8-11

Altars:
Ashenzari
Cheibriados
Dithmenos
Elyvilon
Fedhas
Gozag
Hepliaklqana
Kikubaaqudgha
Makhleb
Nemelex Xobeh
Okawaru
Qazlal
Sif Muna
Trog
Uskayaw
Vehumet
Wu Jian
Xom
Yredelemnul
Zin
The Shining One

Shops:
D:3 *

Annotations:
D:8 2 transporters, 1 runed translucent door, Grum; bande's ghost, novice HOFi


Innate Abilities, Weirdness & Mutations

You are amphibious.
You cover ground slowly.
You can hop short distances.
You have an extended range of vision and can be seen from far away.


Message History

Grum the Hunter comes into view.
He is wielding a -2 glaive.
You shoot a bolt. The bolt misses the wolf.
A wolf comes into view.
You shoot a bolt. The wolf howls!
The bolt hits the wolf!
You kill the wolf!
Your Shields skill increases to level 3!
You shoot a bolt. The bolt misses the wolf.
You block the wolf's attack.
You shoot a bolt. The bolt barely misses the wolf.
The bolt hits the wolf!
The wolf is almost dead.
You hear a howl!
The wolf barely misses you.
A wolf comes into view.
You block the wolf's attack.
Grum shouts, "Rex!
Good boy!"
You shoot a bolt.
The bolt hits the wolf but does no damage.
The wolf bites you but does no damage. The wolf bites you.
The wolf barely misses you.
Grum stares intently and grunts.
You shoot a bolt. The bolt hits the wolf!!
You kill the wolf!
You block the wolf's attack.
Grum snarls.
You block the wolf's attack.
You shoot a bolt. The bolt closely misses the wolf.
The bolt hits the wolf but does no damage.
The wolf closely misses you.
Grum hits you from afar with a -2 glaive!
The wolf barely misses you. The wolf bites you!
You shoot a bolt. The bolt hits the wolf!
The wolf is severely wounded.
The wolf bites you but does no damage. You block the wolf's attack.
Grum hits you from afar with a -2 glaive!!
The wolf bites you!
* * * LOW HITPOINT WARNING * * *
The wolf barely misses you.
Grum hits you from afar with a -2 glaive!!
You die...

.........###########.....[...
.........# ####.........
.........# #............
.........# #...###......
.........# #...#p#...>..
.........# #...#+#......
.........# #............
.........########..#####.....
.>...#####......@###...###...
..... #.....†hh##._.# ...
..... #.......g##...# .. ....
#........# ### .. #........#
#......... #.........
#.......... #..........


You could see Grum, 2 wolves and a neutral human (wandering).

Vanquished Creatures
  Pikel (D:6)
  Sigmund (D:4)
  A shadow (D:8)
  2 steam dragons (D:8)
  An acid dragon (D:7)
  An orc warrior (D:7)
  A water moccasin (D:7)
  An ice beast (D:7)
  A sky beast (D:7)
  4 ogres
  2 wolves (D:8)
  2 centaurs
  A phantom (D:6)
  Blork the orc (D:6)
  3 necrophages
  2 bullfrogs
  3 scorpions
  A jelly (D:5)
  3 hounds
  4 orc priests
  A gnoll bouda (D:4)
  Ijyb (D:5)
  3 iguanas
  6 orc wizards
  Robin (D:4)
  7 gnolls (D:4)
  6 adders
  A white imp (D:6)
  An ufetubus (D:5)
  6 worms
  A dart slug (D:3)
  25 orcs
  7 bats
  6 endoplasms
  4 giant cockroaches
  16 goblins
  10 hobgoblins
  10 jackals
  A quokka (D:4)
  3 ball pythons
  3 frilled lizards
  3 kobolds (D:4)
  5 rats
163 creatures vanquished.

Vanquished Creatures (others)
  A fungus (D:4)
1 creature vanquished.

Grand Total: 164 creatures vanquished

Notes
Turn   | Place    | Note
-------+----------+-------------------------------------------
     0 | D:1      | purpskrrrp the Barachi Hunter began the quest for the Orb.
     0 | D:1      | Reached XP level 1. HP: 17/17 MP: 1/1
    83 | D:1      | Found a faded altar of an unknown god.
    93 | D:1      | Got Plato's Secrets of Vitiation
   304 | D:1      | Identified 3 scrolls of acquirement
   304 | D:1      | Acquired the amulet "Risetuwk" {rPois Regen+ rCorr}
   333 | D:1      | Acquired the +7 arbalest "Fokhlas" {vorpal, Contam rF+ rN++
                  | SInv}
   335 | D:1      | Acquired the +7 hand crossbow of Domination {vorpal, rPois
                  | rC- Str+2}
   348 | D:1      | Reached XP level 2. HP: 23/23 MP: 2/2
   622 | D:2      | Found a bloodstained altar of Trog.
   667 | D:2      | Reached skill level 5 in Ranged Weapons
   667 | D:2      | Reached XP level 3. HP: 28/28 MP: 3/3
   859 | D:2      | Reached XP level 4. HP: 34/34 MP: 4/4
  1312 | D:3      | Noticed an ogre
  1314 | D:3      | Killed an ogre
  1315 | D:3      | Reached skill level 6 in Ranged Weapons
  1315 | D:3      | Reached XP level 5. HP: 39/39 MP: 5/5
  1408 | D:3      | Found Isonomam's Assorted Antiques.
  1718 | D:4      | Reached skill level 7 in Ranged Weapons
  1718 | D:4      | Reached XP level 6. HP: 31/46 MP: 6/6
  1981 | D:5      | Entered Level 5 of the Dungeon
  2005 | D:5      | Reached skill level 8 in Ranged Weapons
  2050 | D:5      | Reached XP level 7. HP: 51/51 MP: 7/7
  2320 | D:6      | Noticed Blork the orc
  2323 | D:6      | Killed Blork the orc
  2324 | D:6      | Reached skill level 9 in Ranged Weapons
  2364 | D:6      | Found a staircase to the Ecumenical Temple.
  2434 | Temple   | Entered the Ecumenical Temple
  2536 | Temple   | Became a worshipper of Ashenzari the Shackled
  2629 | D:6      | Noticed Pikel
  2633 | D:6      | Killed Pikel
  2634 | D:6      | Reached skill level 10 in Ranged Weapons
  2634 | D:6      | Reached XP level 8. HP: 56/57 MP: 8/8
  2656 | D:6      | Reached skill level 11 in Ranged Weapons
  3117 | D:5      | Noticed Ijyb
  3121 | D:5      | Killed Ijyb
  3329 | D:5      | Reached XP level 9. HP: 62/62 MP: 9/9
  3413 | D:4      | Noticed Sigmund
  3421 | D:4      | Killed Sigmund
  3422 | D:4      | Reached skill level 12 in Ranged Weapons
  3569 | D:4      | Noticed Robin
  3575 | D:4      | Killed Robin
  3809 | D:4      | Found an iron altar of Okawaru.
  4232 | D:7      | Reached skill level 13 in Ranged Weapons
  4273 | D:7      | Found a stormy altar of Qazlal.
  4734 | D:8      | Found an opulent altar of Gozag.
  4932 | D:8      | Found a transporter.
  4933 | D:8      | Found a transporter.
  4933 | D:8      | Noticed a moth of wrath
  4935 | D:8      | Noticed bande's ghost (novice HOFi)
  4947 | D:8      | Found a bloodstained altar of Trog.
  4947 | D:8      | Noticed a two-headed ogre
  5030 | D:8      | Reached skill level 1 in Shields
  5059 | D:8      | Reached skill level 14 in Ranged Weapons
  5059 | D:8      | Reached XP level 10. HP: 57/68 MP: 10/10
  5111 | D:8      | Found a runed translucent door.
  5126 | D:8      | Reached * piety under Ashenzari
  5132 | D:8      | Found a basalt altar of Yredelemnul.
  5142 | D:8      | Noticed Grum
  5150 | D:8      | Slain by Grum

Illustrated notes

Levels and vault maps discovered:
D:1:      minmay_arrival_glassed_features, layout_loops_ring,
          shapermc_ecumenical_altar_rom_forum, nicolae_kite_square_tiling_tiny
D:2:      layout_basic, basic_altar
D:3:      layout_rooms, serial_shops, nicolae_shop_hallway_stairs
D:4:      layout_basic, okawaru_altar_gauntlet_db, dreamdust_gnoll_farm,
          uniq_sigmund, uniq_robin
D:5:      layout_loops_ring, nicolae_sextant, uniq_ijyb
D:6:      layout_basic, minmay_temple_entry_junction, uniq_pikel,
          uniq_blork_the_orc
D:7:      layout_cave_pools, overflow_temple_1_default
D:8:      due_megacathedral, layout_gridville, nicolae_ru_sacrificial_ziggurat,
          overflow_temple_1_default, dk_yredelemnul_ordeal,
          gammafunk_ghost_wrathful_warriors, uniq_grum
Temple:   minmay_temple_bridge_d

Skill      XL: |  1  2  3  4  5  6  7  8  9 10 |
---------------+-------------------------------+-----
Ranged Weapons | 5 6 7 8 10 11 14 | 14.1
Shields        | 2 3 |  3.3
Fighting       | |  2.4
Dodging        | |  2.1
Stealth        | |  0.8

Action                   |  1- 3 |  4- 6 |  7- 9 | 10-12 || total
-------------------------+-------+-------+-------+-------++-------
 Fire: Shortbow          |    19 |       |       |       ||    19
       Hand crossbow     |    43 |    73 |   182 |    13 ||   311
Invok: Curse Item        |       |       |     1 |     1 ||     2
  Use: Scroll            |     3 |       |       |     1 ||     4
Armor: Leather armour    |     5 |     8 |    12 |       ||    25
       Acid dragon scale |       |       |       |     2 ||     2
Dodge: Dodged            |    22 |    24 |    40 |     7 ||    93
Block: Kite shield       |       |       |       |     5 ||     5
